 Dungeon Sprint DCSS version 0.21-a0-39-g28ea6b7 (webtiles) character file.

344 Kidiri the Thaumaturge (level 6, -18/38 HPs)
             Began as a Deep Elf Fire Elementalist on May 31, 2017.
             Demolished by a tyrant leech (24 damage)
             ... in the Dungeon (Sprint II: "The Violet Keep of Menkaure").
             The game lasted 00:01:07 (155 turns).

Kidiri the Thaumaturge (Deep Elf Fire Elementalist)  Turns: 155, Time: 00:01:08

Health: -18/38     AC:  2    Str:  5    XL:     6   Next: 31%
Magic:  5/20       EV: 16    Int: 22    God:
Gold:   243        SH:  0    Dex: 15    Spells: 6/24 levels left

rFire    . . .     SeeInvis .   (no weapon)
rCold    . . .     Gourm    .   (no shield)
rNeg     . . .     Faith    .   a - +0 robe
rPois    .         Spirit   .   (no helmet)
rElec    .         Reflect  .   (no cloak)
rCorr    .         Harm     .   (no gloves)
MR       .....     NoTele   +   (no boots)
Stlth    ++........             (no amulet)
Regen    0.2/turn               (no ring)
MPRegen  0.2/turn               (no ring)

@: no status effects
A: no striking features
a: no special abilities


You were in the Dungeon.
You were not hungry.

You visited 1 branch You collected 243 gold pieces.

Inventory:

Armour
 a - a +0 robe (worn)
Scrolls
 i - a scroll of blinking
Potions
 f - a potion of haste
 g - a potion of magic
 h - a potion of berserk rage
Books
 b - a book of Flames

   Spells                             Type                      Level
   a - Flame Tongue                   Conjuration/Fire             1
   b - Throw Flame                    Conjuration/Fire             2
   c - Conjure Flame                  Conjuration/Fire             3
   d - Inner Flame                    Hexes/Fire                   3
   e - Sticky Flame                   Conjuration/Fire             4
   f - Fireball                       Conjuration/Fire             5
Comestibles
 c - a bread ration


   Skills:
 + Level 4.0 Fighting
 + Level 4.0 Armour
 + Level 6.5 Dodging
 - Level 2.4 Stealth
 * Level 9.9 Spellcasting
 + Level 5.5 Conjurations
 + Level 6.4 Fire Magic


You had 6 spell levels left.
You knew the following spells:

 Your Spells              Type           Power        Failure   Level  Hunger
a - Flame Tongue          Conj/Fire      #####        1%          1    None
b - Throw Flame           Conj/Fire      #####.       1%          2    None
c - Conjure Flame         Conj/Fire      #####...     1%          3    None
d - Inner Flame           Hex/Fire       ####....     4%          3    None
e - Sticky Flame          Conj/Fire      #####...     4%          4    ##.....
f - Fireball              Conj/Fire      #####.....   14%         5    ####...


Dungeon Overview and Level Annotations

Branches:
Dungeon (1/1)

Altars:


Message History

Confirm with . or Enter, or press ? or * to list all spells.
Aiming: Flame Tongue
Press: ? - help, Shift-Dir - straight line, f/p - tyrant leech
Aim: a tyrant leech (moderately wounded, covered in liquid flames)
The flame tongue hits the tyrant leech.
The tyrant leech is heavily wounded.
The tyrant leech burns!
The tyrant leech stops burning.
The tyrant leech barely misses you.
Casting: Flame Tongue
Confirm with . or Enter, or press ? or * to list all spells.
Aiming: Sticky Flame
Press: ? - help, Shift-Dir - straight line, f/p - tyrant leech
Aim: a tyrant leech (heavily wounded)
The sticky flame hits the tyrant leech.
The tyrant leech is heavily wounded.
The tyrant leech is covered in liquid flames!
The tyrant leech burns!
The tyrant leech burns!
The tyrant leech bites you!!
Ouch! That really hurt!
You die...

## #3 ##. # #
#+# .##
#.a###.##$..#
#$+.w.ยง#
#.a###@##...#
# ##%## .##
##...## #
#..#..#
##.#.## ##+##


You could see a tyrant leech (burning).

Vanquished Creatures
  4 necrophages (D)
4 creatures vanquished.

Vanquished Creatures (others)
  Menkaure (D)
1 creature vanquished.

Grand Total: 5 creatures vanquished

Notes
Turn   | Place    | Note
-------+----------+-------------------------------------------
     0 | D        | Kidiri the Deep Elf Fire Elementalist began the quest for the Orb.
     0 | D        | Reached XP level 1. HP: 10/10 MP: 6/6
     1 | D        | Noticed a neqoxec
     5 | D        | Noticed a worker ant
     5 | D        | Noticed a worker ant
    11 | D        | Noticed a necrophage
    11 | D        | Noticed a necrophage
    11 | D        | Noticed a necrophage
    11 | D        | Noticed a necrophage
    18 | D        | Killed a necrophage
    18 | D        | Reached skill level 6 in Spellcasting
    18 | D        | Reached XP level 2. HP: 4/16 MP: 0/11
    18 | D        | Reached XP level 3. HP: 5/20 MP: 0/13
    18 | D        | Reached XP level 4. HP: 7/25 MP: 0/14
    25 | D        | Killed a necrophage
    25 | D        | Reached skill level 5 in Dodging
    25 | D        | Reached skill level 8 in Spellcasting
    25 | D        | Reached skill level 5 in Fire Magic
    25 | D        | Reached XP level 5. HP: 4/32 MP: 10/17
    31 | D        | Killed a necrophage
    31 | D        | Reached skill level 9 in Spellcasting
    31 | D        | Reached skill level 5 in Conjurations
    34 | D        | Killed Menkaure
    36 | D        | Killed a necrophage
    36 | D        | Reached XP level 6. HP: 37/38 MP: 2/20
    40 | D        | Learned a level 2 spell: Throw Flame
    44 | D        | Learned a level 3 spell: Conjure Flame
    48 | D        | Learned a level 3 spell: Inner Flame
    53 | D        | Learned a level 4 spell: Sticky Flame
    59 | D        | Learned a level 5 spell: Fireball
   144 | D        | Noticed a tyrant leech
   155 | D        | Demolished by a tyrant leech

Vault maps used:
D:        the_violet_keep_of_menkaure

Skill      XL: |  1  2  3  4  5 |
---------------+----------------+-----
Fighting       | 2 3 4 |  4.0
Armour         | 2 3 4 |  4.0
Dodging        | 4 5 6 |  6.5
Spellcasting   | 6 8 9 |  9.9
Conjurations   | 3 4 5 |  5.5
Fire Magic     | 4 5 6 |  6.4
Stealth        | |  2.4

Action                   |  1- 3 |  4- 6 || total
-------------------------+-------+-------++-------
 Cast: Flame Tongue      |     5 |    21 ||    26
       Sticky Flame      |       |     2 ||     2
       Conjure Flame     |       |     1 ||     1
  Use: Potion            |       |     3 ||     3
Armor: Robe              |       |     1 ||     1
Dodge: Dodged            |     2 |    15 ||    17
